[Event "Late-Titled-Tuesday-Blitz-June-18-2024"]
[Site "Chess.com"]
[Date "2024.06.18"]
[Round "7"]
[White "MathiasWomacka"]
[Black "hoshiboshi"]
[Result "1-0"]
[WhiteElo "2524"]
[BlackElo "2254"]
[TimeControl "180+1"]
[EndTime "15:18:24 PDT"]
[Termination "MathiasWomacka won by resignation"]

1. e4 c5 2. Nf3 d6 3. d4 cxd4 4. Nxd4 Nf6 5. Nc3 a6 6. Be2 e5 7. Nb3 Be7 8. O-O Be6 9. f4 O-O 10. f5 Bd7 11. Bg5 Bc6 12. Bxf6 Bxf6 13. Bc4 Be7 14.
a4 Nd7 15. a5 Nf6 16. Qd3 Rc8 17. Kh1 Kh8 18. Nd2 Qc7 19. Bb3 Rcd8 20. Nd5 Nxd5 21. exd5 Bd7 22. Ne4 f6 23. c4 Bc8 24. Bc2 b6 25. b4 Rd7 26. Ba4 Bd8 27. Bxd7 Qxd7 28. axb6 Bxb6 29. c5 dxc5 30. bxc5 Ba7 31. c6 Qc7 32.
Qc4 Bd4 33. Rab1 g6 34. d6 Qb7 35. cxb7 1-0

[Event "Late-Titled-Tuesday-Blitz-June-18-2024"]
[Site "Chess.com"]
[Date "2024.06.18"]
[Round "7"]
[White "cthulhuuu"]
[Black "protectiago"]
[Result "1-0"]
[WhiteElo "2390"]
[BlackElo "2148"]
[TimeControl "180+1"]
[EndTime "15:18:24 PDT"]
[Termination "cthulhuuu won on time"]

1. e4 e5 2. Nf3 Nc6 3. Bb5 a6 4. Bxc6 dxc6 5. O-O Bg4 6. h3 h5 7. d3 Qf6 8. Nbd2 Ne7 9. Re1 Ng6 10. d4 Bd6 11.
hxg4 hxg4 12. Nh2 Rxh2 13. Qxg4 Qh4 14. Qxh4 Rxh4 15. Nf3 Rh5 16. g3 f6 17. Kg2 O-O-O 18.
dxe5 Nxe5 19. Nxe5 Bxe5 20. f4 Bd4 21. Rd1 Rd6 22.
c3 Bb6 23. Bd2 Rd3 24. Be1 Re3 25. Rd2 Rxe4 26. Rad1 Kb8 27. Bf2 Bxf2 28. Rxf2 Rd5 29.
Rfd2 Rxd2+ 30. Rxd2 Re7 31. Kf3 Kc8 32. Kg4 g6 33. f5 g5 34. Kh5 Re3 35. g4 Re8 36. Kg6 Re4 37. Rg2 Kd7 38. Kxf6 Ke8 39. Kxg5 Kf7 40. Rd2 Re8 41. Rd7+ Re7 42. Rxe7+ Kxe7 43. Kg6 Kf8 44. Kf6 b6 45. g5 c5 46.
g6 1-0

[Event "Late-Titled-Tuesday-Blitz-June-18-2024"]
[Site "Chess.com"]
[Date "2024.06.18"]
[Round "7"]
[White "CFalcons8"]
[Black "Oleg_Papayan"]
[Result "1-0"]
[WhiteElo "2444"]
[BlackElo "2513"]
[TimeControl "180+1"]
[EndTime "15:18:28 PDT"]
[Termination "CFalcons8 won by resignation"]

1. d4 d5 2. c4 dxc4 3. Nf3 Nf6 4.
e3 e6 5. Bxc4 c5 6. O-O a6 7. a4 Nc6 8. b3 cxd4 9. exd4 Be7 10.
Bb2 O-O 11. Nbd2 b6 12. Rc1 Bb7 13. Qe2 Nd5 14. Rfd1 Nf4 15. Qe3 Nd5 16. Qe1 Bb4 17. Ne5 Na5 18. Qe2 Nf4 19. Qg4 Ng6 20. Ndf3 Nxc4 21.
bxc4 f5 22. Qg3 Nxe5 23. Nxe5 Qe7 24. d5 exd5 25. cxd5 Bd6 26. f4 Rad8 27. Nc6 Qf7 28.
Nxd8 Rxd8 29. Bd4 b5 30. axb5 axb5 31. Bc5 Bxc5+ 32. Rxc5 Rxd5 33. Rdxd5 Bxd5 34. Rc8+ 1-0

[Event "Late-Titled-Tuesday-Blitz-June-18-2024"]
[Site "Chess.com"]
[Date "2024.06.18"]
[Round "7"]
[White "evgchess5"]
[Black "FairChess_on_YouTube"]
[Result "1/2-1/2"]
[WhiteElo "2922"]
[BlackElo "3093"]
[TimeControl "180+1"]
[EndTime "15:18:30 PDT"]
[Termination "Game drawn by repetition"]

1. e4 c5 2. Nf3 Nc6 3. Bb5 Nf6 4.
Bxc6 dxc6 5. d3 Qc7 6. Nbd2 e5 7. Nc4 Bd6 8. b3 Be6 9. Nxd6+ Qxd6 10. Bb2 Nd7 11. Ng5 f6 12. Nxe6 Qxe6 13. O-O O-O-O 14. Qe2 g5 15. Rad1 b6 16. c3 h5 17. d4 Kb7 18. d5 cxd5 19. Rxd5 Nb8 20. Rfd1 Rxd5 21. Rxd5 Nc6 22. Qd3 Kc7 23. Bc1 Ne7 24. c4 h4 25. Be3 h3 26. g3 Nxd5 27. cxd5 Qg4 28. Bc1 Rd8 29. f3 Qd7 30. g4 Kb7 31. Be3 c4 32. bxc4 Qa4 33. Qb3 Qa6 34. Kf2 Ka8 35.
Ke2 Rc8 36. Kd3 Qa5 37. Bf2 Qa6 38. a4 Kb7 39. Qb4 Rc7 40. Be3 Rc8 41. Kc3 Ka8 42.
Kd3 Kb7 43. Kc3 Ka8 44. Kd3 Kb7 1/2-1/2

[Event "Late-Titled-Tuesday-Blitz-June-18-2024"]
[Site "Chess.com"]
[Date "2024.06.18"]
[Round "7"]
[White "xakevicius91"]
[Black "Aswathchess"]
[Result "1-0"]
[WhiteElo "2651"]
[BlackElo "2770"]
[TimeControl "180+1"]
[EndTime "15:18:31 PDT"]
[Termination "xakevicius91 won by resignation"]

1. e4 c5 2. Nf3 d6 3. Bc4 Nf6 4. Qe2 e6 5. O-O Be7 6. c3 O-O 7. Bb3 Nc6 8. d4 cxd4 9. cxd4 Re8 10. Nc3 e5 11. dxe5 dxe5 12. Rd1 Bg4 13. Rxd8 Raxd8 14. Be3 Bf8 15. h3 Bh5 16. g4 Bg6 17. Bg5 Nd4 18. Nxd4 exd4 19. Bxf6 gxf6 20. Nd5 Kg7 21. f3 Bc5 22. Kg2 Re5 23. Qd2 h5 24. Rc1 b6 25.
Bc4 a5 26. a3 hxg4 27. hxg4 Rh8 28. Rh1 Rxh1 29. Kxh1 Re8 30. Qf4 Re6 31. Qd2 Re8 32. g5 Rh8+ 33. Kg2 fxg5 34. Qxg5 Rh5 35. Qf6+ Kh7 36. Nf4 Rh6 37. Bxf7 Bxe4 38. Bg8+ Kxg8 39.
Qxh6 Bh7 40. Nh5 1-0

[Event "Late-Titled-Tuesday-Blitz-June-18-2024"]
[Site "Chess.com"]
[Date "2024.06.18"]
[Round "7"]
[White "OIAM03"]
[Black "FMalexhdez"]
[Result "0-1"]
[WhiteElo "2036"]
[BlackElo "2275"]
[TimeControl "180+1"]
[EndTime "15:18:31 PDT"]
[Termination "FMalexhdez won on time"]

1. e4 e5 2. Nf3 Nc6 3. d4 exd4 4. Nxd4 Bc5 5. Nb3 Bb6 6. Nc3 a5 7. a4 Nf6 8. Qe2 d6 9. Be3 Bxe3 10. Qxe3 O-O 11.
O-O-O Ng4 12. Qe2 Be6 13. Nd5 Nb4 14. f3 Bxd5 15. exd5 Qg5+ 16. Kb1 Rfe8 17. Qd2 Qxd2 18. Rxd2 Re1+ 19. Nc1 Ne3 20. c3 Nbxd5 21. Rd4 c5 22. Re4 Rxf1 23. Rxf1 Nxf1 0-1

[Event "Late-Titled-Tuesday-Blitz-June-18-2024"]
[Site "Chess.com"]
[Date "2024.06.18"]
[Round "7"]
[White "ReadySkate"]
[Black "ahkashefi2800"]
[Result "0-1"]
[WhiteElo "2769"]
[BlackElo "2641"]
[TimeControl "180+1"]
[EndTime "15:18:34 PDT"]
[Termination "ahkashefi2800 won by checkmate"]

1. d4 d5 2. c4 c6 3. Nf3 Nf6 4. Nc3 a6 5. e3 Bg4 6. h3 Bxf3 7.
Qxf3 e6 8. Bd3 Nbd7 9. O-O Bd6 10. b3 O-O 11. Bb2 Qe7 12. Rfe1 Rae8 13. e4 dxc4 14.
Bxc4 e5 15. Ne2 Rd8 16. Ng3 g6 17. Rad1 Rfe8 18. Bf1 Kg7 19. dxe5 Bxe5 20. Bc1 Nf8 21. Qe3 Ne6 22. Ne2 Qc5 23. Qxc5 Nxc5 24. f4 Bc7 25.
Ng3 Rxd1 26. Rxd1 Ncxe4 27. Nxe4 Rxe4 28. Bb2 Rxf4 29. Bd3 Bb6+ 30. Kh2 Bd4 31. Ba3 Rf2 32.
Bc4 Be5+ 33. Kg1 Rxa2 34. Bc5 Ne4 35. Be7 c5 36. Rd7 Ra1+ 37. Bf1 Bd4+ 38. Kh2 Rxf1 39. Rxb7 Be5+ 40. g3 Bxg3+ 41. Kg2 Rf2+ 42. Kg1 Bh2+ 43. Kh1 Ng3# 0-1

[Event "Late-Titled-Tuesday-Blitz-June-18-2024"]
[Site "Chess.com"]
[Date "2024.06.18"]
[Round "7"]
[White "reevecanada"]
[Black "Kaustubh_Kodihalli"]
[Result "1-0"]
[WhiteElo "2630"]
[BlackElo "2386"]
[TimeControl "180+1"]
[EndTime "15:18:35 PDT"]
[Termination "reevecanada won by resignation"]

1. Nf3 d5 2. b3 Nf6 3. Bb2 Bf5 4. d3 e6 5. Nbd2 Be7 6. g3 O-O 7. Bg2 h6 8. O-O c6 9. Qe1 Nbd7 10. e4 Bh7 11. c4 dxe4 12. dxe4 Nc5 13. Ne5 Nd3 14. Nxd3 Qxd3 15. e5 Nd7 16. Be4 Bxe4 17. Nxe4 Nc5 18. Nxc5 Bxc5 19. Rd1 Qf5 20. Rd7 b5 21. Qe2 bxc4 22.
Qxc4 Bb6 23. Qxc6 Rac8 24. Qg2 Rc2 25. Bd4 Bxd4 26. Rxd4 Qxe5 27. Ra4 Qc7 28. Qe4 Rd8 29. Rxa7 Qxa7 30. Qxc2 Qa3 31. Rb1 Ra8 32. Rb2 Qb4 33. Qd2 Qb7 34. b4 h5 35. b5 h4 36. gxh4 Ra4 37. h3 Qf3 38. Rb3 Qf5 39. b6 1-0

[Event "Late-Titled-Tuesday-Blitz-June-18-2024"]
[Site "Chess.com"]
[Date "2024.06.18"]
[Round "7"]
[White "DeTimmerman"]
[Black "dropstoneDP"]
[Result "1/2-1/2"]
[WhiteElo "2754"]
[BlackElo "2969"]
[TimeControl "180+1"]
[EndTime "15:18:38 PDT"]
[Termination "Game drawn by repetition"]

1. Nf3 d5 2. e3 c5 3. b3 Nf6 4.
Bb2 e6 5. Bb5+ Bd7 6. Bxd7+ Nbxd7 7. O-O Bd6 8. d3 O-O 9. Nbd2 Qc7 10. a4 Rac8 11.
e4 Ne5 12. Nxe5 Bxe5 13. Bxe5 Qxe5 14. Nf3 Qc3 15. exd5 exd5 16. Qd2 Qxd2 17. Nxd2 Rfe8 18. Rfe1 Kf8 19. Kf1 Nd7 20. Rxe8+ Rxe8 21. Re1 Nb8 22. Rxe8+ Kxe8 23. d4 cxd4 24. Nf3 Nc6 25. Ke2 Ke7 26.
Kd3 Nb4+ 27. Kd2 d3 28. c3 Nc6 29. Kxd3 Kf6 30. h3 h5 31. Nd4 Ke5 32. Nxc6+ bxc6 33. b4 a6 34. Ke3 g5 35. g3 g4 36.
hxg4 hxg4 37. Kd3 f5 38. Ke3 f4+ 39. gxf4+ Kf6 40. Ke2 Ke6 41. Kd3 Kf5 42. Ke3 Kf6 43. Ke2 Kf5 44. Ke3 Kf6 1/2-1/2

[Event "Late-Titled-Tuesday-Blitz-June-18-2024"]
[Site "Chess.com"]
[Date "2024.06.18"]
[Round "7"]
[White "N_I_Chess"]
[Black "MarceloPlaya"]
[Result "0-1"]
[WhiteElo "2321"]
[BlackElo "2418"]
[TimeControl "180+1"]
[EndTime "15:18:38 PDT"]
[Termination "MarceloPlaya won on time"]

1. d4 e6 2. c4 Nf6 3. Nc3 Bb4 4. Bd2 O-O 5. e3 d5 6. Bd3 c5 7. Nge2 Nc6 8. a3 Bxc3 9. bxc3 cxd4 10. cxd4 e5 11.
cxd5 Qxd5 12. O-O exd4 13. exd4 Nxd4 14. Nxd4 Qxd4 15. Be3 Qg4 16. Qb3 Be6 17. Qb4 Rfd8 18. Bb5 Qxb4 19. axb4 Nd5 20. Bc5 b6 21. Bc6 bxc5 22.
Bxa8 Rxa8 23. bxc5 a5 24. c6 Kf8 25. Rfc1 Ke7 26.
Rc5 a4 27. Ra3 Kd6 28. Rc4 Nb6 29. Rh4 Kxc6 30. Rxh7 g6 31. Rh4 Nc4 32. Ra1 a3 33.
Rd4 a2 0-1

[Event "Late-Titled-Tuesday-Blitz-June-18-2024"]
[Site "Chess.com"]
[Date "2024.06.18"]
[Round "7"]
[White "HansOnTwitch"]
[Black "Legit"]
[Result "1-0"]
[WhiteElo "3144"]
[BlackElo "2776"]
[TimeControl "180+1"]
[EndTime "15:18:39 PDT"]
[Termination "HansOnTwitch won by resignation"]

1. e4 c5 2. Nf3 d6 3. Bb5+ Bd7 4. Bxd7+ Qxd7 5. O-O Nc6 6. d3 g6 7. c3 Bg7 8. d4 Nf6 9. d5 Ne5 10. Nxe5 dxe5 11. Qe2 O-O 12. a4 Rac8 13. Nd2 Rfd8 14. Nc4 Ne8 15. f4 exf4 16. Bxf4 Nd6 17. Nd2 f5 18. e5 Ne8 19. c4 e6 20. d6 Qc6 21.
Nf3 h6 22. h4 Rd7 23. Qe3 Kh7 24.
b3 Rcd8 25. Rae1 Rf7 26. h5 gxh5 27. Qe2 Bf8 28. Nh4 Ng7 29. Rf3 Qe4 30. Qf2 Qd4 31.
Qxd4 cxd4 32. Rd3 Ne8 33. Nf3 Bg7 34. Nxd4 1-0

[Event "Late-Titled-Tuesday-Blitz-June-18-2024"]
[Site "Chess.com"]
[Date "2024.06.18"]
[Round "7"]
[White "Mikhail_Golubev"]
[Black "ChessWarrior7197"]
[Result "0-1"]
[WhiteElo "2668"]
[BlackElo "3151"]
[TimeControl "180+1"]
[EndTime "15:18:41 PDT"]
[Termination "ChessWarrior7197 won on time"]

1. e4 c5 2. Nf3 Nc6 3. Nc3 g6 4. d4 cxd4 5. Nxd4 Bg7 6. Be3 d6 7. f3 Nf6 8. Qd2 O-O 9. O-O-O d5 10. exd5 Nxd5 11. Nxc6 bxc6 12. Bd4 e5 13. Bc5 Be6 14. Ne4 Re8 15. h4 h5 16. g4 Nf4 17. Qc3 Bd5 18.
gxh5 Nxh5 19. Bc4 Rb8 20. Nd6 e4 21. Rd4 Re6 22. fxe4 Bxd4 23. Bxd4 Qxd6 24. exd5 cxd5 25. Bb3 Ng3 26. Re1 Ne2+ 27. Rxe2 Rxe2 28. a4 Qb4 29. Qxb4 Rxb4 30. Bxa7 Rxh4 31. Kb1 d4 32. a5 Re1+ 33. Ka2 Rhh1 34. Ka3 Ra1+ 35. Kb4 Rh4 36. Bc4 g5 37. Bc5 g4 38. a6 g3 39. Bd5 d3+ 40. Kc3 dxc2 0-1

[Event "Late-Titled-Tuesday-Blitz-June-18-2024"]
[Site "Chess.com"]
[Date "2024.06.18"]
[Round "7"]
[White "EternalNight8"]
[Black "Hirna2005"]
[Result "0-1"]
[WhiteElo "2392"]
[BlackElo "2289"]
[TimeControl "180+1"]
[EndTime "15:18:41 PDT"]
[Termination "Hirna2005 won on time"]

1. e4 g6 2. d4 Bg7 3. Nc3 d6 4. f4 a6 5. Nf3 b5 6. Bd3 Bb7 7. a4 b4 8. Na2 a5 9. c3 c5 10. Be3 Nf6 11. Qc2 c4 12. Bxc4 Bxe4 13. Qb3 O-O 14. cxb4 axb4 15. Nxb4 Bxf3 16. gxf3 Qa5 17.
Bd2 Qh5 18. O-O-O Nbd7 19. Rdg1 Rfb8 20. Bxf7+ Kh8 21. Rg5 Qh3 22. Be1 d5 23. Bxd5 Nxd5 24. Qxd5 Nb6 25. Qf7 Qxf3 26. Rhg1 Rc8+ 27. Bc3 Nxa4 28.
R5g3 Qe4 29. Qb3 Bxd4 0-1

[Event "Late-Titled-Tuesday-Blitz-June-18-2024"]
[Site "Chess.com"]
[Date "2024.06.18"]
[Round "7"]
[White "Bob_2004"]
[Black "Crazy_girl99"]
[Result "0-1"]
[WhiteElo "2742"]
[BlackElo "2637"]
[TimeControl "180+1"]
[EndTime "15:18:42 PDT"]
[Termination "Crazy_girl99 won by resignation"]

1. d4 Nf6 2. c4 e6 3. Nf3 d5 4. e3 Nbd7 5. Nc3 Bb4 6. Bd3 dxc4 7. Bxc4 O-O 8. O-O a6 9. a3 Bd6 10. b4 b5 11. Bd3 Bb7 12. Bb2 Re8 13. Qc2 h6 14. Ne4 Nxe4 15. Bxe4 Bxe4 16. Qxe4 Nb6 17. Rfc1 Nc4 18. Rc2 Qf6 19. Nd2 Nxb2 20. Rxb2 a5 21. Rc1 axb4 22. axb4 e5 23. d5 Ra4 24. g3 Qg5 25.
Qd3 e4 26. Qxb5 Raa8 27. Qe2 Qxd5 28. Nc4 Bf8 29. Na5 c5 30. Rd2 Qe6 31. Nc4 cxb4 32.
Rb1 Rec8 33. Rd4 Rab8 34. Nd2 b3 35. Qd1 b2 36. Rxe4 Qa2 37. Ra4 Qxb1 38. Qxb1 Rc1+ 39. Kg2 Rxb1 40. Nxb1 Be7 41. Kf3 Bf6 42. Ke2 Rc8 43.
Nd2 Rc2 44. Ra8+ Kh7 45. Ra7 b1=Q 0-1

[Event "Late-Titled-Tuesday-Blitz-June-18-2024"]
[Site "Chess.com"]
[Date "2024.06.18"]
[Round "7"]
[White "vi_pranav"]
[Black "Adar_07"]
[Result "1-0"]
[WhiteElo "3034"]
[BlackElo "2814"]
[TimeControl "180+1"]
[EndTime "15:18:44 PDT"]
[Termination "vi_pranav won by resignation"]

1. Nf3 Nf6 2. g3 d5 3. Bg2 g6 4. O-O Bg7 5. d3 O-O 6. Nbd2 b6 7. e4 dxe4 8. dxe4 Bb7 9. Re1 e6 10. Qe2 c5 11. e5 Nfd7 12. Nc4 Nc6 13. Nd6 Qc7 14.
Bf4 Rad8 15. h4 Ba8 16. Rad1 h6 17. c3 Ne7 18. c4 Bxf3 19. Bxf3 Nc6 20. Nb5 Qc8 21.
Bxc6 Qxc6 22. Nxa7 Qa4 23. Nb5 Qxa2 24. Ra1 Qb3 25.
Ra3 Qb4 26. Nd6 Nb8 27. Rb1 Nc6 28. Bd2 Nd4 29. Qd1 Qxa3 30. bxa3 Bxe5 31. Ne4 f5 32.
Nc3 Kg7 33. Kg2 Rd7 34. Qe1 Bf6 35. Bf4 Rfd8 36. Be5 1-0

[Event "Late-Titled-Tuesday-Blitz-June-18-2024"]
[Site "Chess.com"]
[Date "2024.06.18"]
[Round "7"]
[White "RichardShtivelband"]
[Black "Perecke"]
[Result "1-0"]
[WhiteElo "2391"]
[BlackElo "2513"]
[TimeControl "180+1"]
[EndTime "15:18:45 PDT"]
[Termination "RichardShtivelband won by resignation"]

1. e4 e5 2. Nf3 Nc6 3. Bb5 a6 4. Ba4 Nf6 5. O-O Be7 6. Re1 b5 7. Bb3 d6 8. c3 O-O 9. h3 Na5 10. Bc2 c5 11. d4 Qc7 12. d5 Nd7 13. Nbd2 c4 14. Nf1 Nb7 15. a4 Rb8 16. Ng3 Nbc5 17.
axb5 axb5 18. Nf5 Nb6 19. Be3 Bxf5 20. exf5 Nba4 21. Bxa4 Nxa4 22. Qc2 Nc5 23. Rad1 Nd3 24. Re2 b4 25. cxb4 Rxb4 26. Rxd3 cxd3 27. Qxc7 dxe2 28. Qxe7 Rxb2 29. f6 Ra8 30. fxg7 Rb1+ 31. Kh2 e1=Q 32. Nxe1 Rxe1 33. Bh6 e4 34. Qf8+ 1-0

[Event "Late-Titled-Tuesday-Blitz-June-18-2024"]
[Site "Chess.com"]
[Date "2024.06.18"]
[Round "7"]
[White "Cuchulin"]
[Black "topce"]
[Result "0-1"]
[WhiteElo "2285"]
[BlackElo "2533"]
[TimeControl "180+1"]
[EndTime "15:18:47 PDT"]
[Termination "topce won by checkmate"]

1. d4 Nf6 2. Bf4 d6 3. Nc3 Nbd7 4. Nf3 h6 5. e4 g5 6. Be3 Bg7 7. e5 dxe5 8. dxe5 Ng4 9. e6 fxe6 10. Nxg5 Bxc3+ 11. bxc3 Nde5 12. Qxd8+ Kxd8 13. Ne4 Nxe3 14. fxe3 b6 15.
Rd1+ Ke8 16. Be2 Kf7 17. Bh5+ Kg7 18. O-O Ba6 19. Rf2 Rad8 20. Rfd2 Rxd2 21. Rxd2 Rf8 22. Nf2 Bc4 23. a3 Bd5 24. e4 Bc6 25. Rd4 Bb5 26.
Nd3 c5 27. Nxe5 Rf1# 0-1

[Event "Late-Titled-Tuesday-Blitz-June-18-2024"]
[Site "Chess.com"]
[Date "2024.06.18"]
[Round "7"]
[White "Rutricks"]
[Black "lukas_111111"]
[Result "1-0"]
[WhiteElo "2815"]
[BlackElo "2643"]
[TimeControl "180+1"]
[EndTime "15:18:48 PDT"]
[Termination "Rutricks won by resignation"]

1. c4 g6 2. Nc3 Bg7 3. d4 c5 4. d5 Bxc3+ 5. bxc3 d6 6. e4 e5 7. f4 Nd7 8. Nf3 Qe7 9. Be2 Ngf6 10. O-O Nxe4 11.
Bd3 f5 12. Bxe4 fxe4 13. Ng5 Nb6 14. fxe5 Bf5 15. e6 O-O-O 16. Nf7 Nxc4 17. Nxd8 Rxd8 18. g4 Ne5 19. gxf5 gxf5 20. Rxf5 Rg8+ 21. Kh1 Ng4 22. Qf1 e3 23. Rb1 b6 24. Rb2 Kb8 25. Rg2 Qh4 26.
Rf8+ Rxf8 27. Qxf8+ Kb7 28. Qg7+ Ka6 29. Qxg4 Qe1+ 30.
Rg1 Qf2 31. Qg2 Qf5 32. Qf1+ Qxf1 33. Rxf1 1-0

[Event "Late-Titled-Tuesday-Blitz-June-18-2024"]
[Site "Chess.com"]
[Date "2024.06.18"]
[Round "7"]
[White "aranibos"]
[Black "Finejupiter"]
[Result "0-1"]
[WhiteElo "2256"]
[BlackElo "2182"]
[TimeControl "180+1"]
[EndTime "15:18:49 PDT"]
[Termination "Finejupiter won by resignation"]

1. Nf3 Nf6 2. d4 g6 3. Bg5 Bg7 4. Nbd2 d5 5. e3 O-O 6. Bd3 h6 7. Bh4 Nbd7 8. c3 c5 9. Ne5 cxd4 10. exd4 Nxe5 11. dxe5 Ng4 12. f4 Qb6 13. Qe2 Qxb2 14. O-O Qxc3 15. h3 Qc5+ 16. Kh1 Ne3 17. Rf3 Nf5 18. Bf2 Qc7 19. g4 Qc3 20. Rd1 Nd4 21.
Bxd4 Qxd4 22. Nb3 Qb6 23. f5 a5 24. fxg6 fxg6 25. Rxf8+ Bxf8 26. Rf1 a4 27. Qf3 Be6 28.
Nc1 Bg7 29. Bxg6 Rf8 30. Qe2 Rxf1+ 31. Qxf1 d4 32. Nd3 Bd5+ 33. Kh2 Qxg6 34. Nf4 Bxe5 0-1

[Event "Late-Titled-Tuesday-Blitz-June-18-2024"]
[Site "Chess.com"]
[Date "2024.06.18"]
[Round "7"]
[White "GlavkonVVS"]
[Black "jamengrand"]
[Result "1-0"]
[WhiteElo "2534"]
[BlackElo "2315"]
[TimeControl "180+1"]
[EndTime "15:18:51 PDT"]
[Termination "GlavkonVVS won by checkmate"]

1. c4 e6 2. Nc3 d5 3. d4 Nf6 4.
Nf3 c5 5. e3 a6 6. a3 Nbd7 7.
cxd5 Nxd5 8. Nxd5 exd5 9. Be2 c4 10. O-O Nf6 11. b3 b5 12. bxc4 bxc4 13. Ne5 Bd6 14.
Qa4+ Bd7 15. Nxd7 Qxd7 16. Qc2 O-O 17. Bd2 Rfb8 18. a4 Rb3 19. Rfb1 Rab8 20. Rxb3 cxb3 21. Qb2 Ne4 22. Bxa6 Nxd2 23. Qxd2 b2 24. Rb1 Qxa4 25. Bd3 Ba3 26. g3 g6 27. h4 h5 28. Qe2 Qb3 29.
Rd1 Rc8 30. Kg2 Rc1 31. Rf1 b1=Q 32. Bxb1 Rxb1 33. Rxb1 Qxb1 34. Qa6 Qe4+ 35. Kh2 Be7 36. Qb7 Bxh4 37. gxh4 Qxh4+ 38. Kg2 Qg4+ 39. Kf1 Qf5 40. Qc7 Kh7 41. Qd8 Qd3+ 42. Kg2 Qe4+ 43. Kf1 h4 44. Qf6 Qb1+ 45. Kg2 Qe4+ 46. f3 Qxe3 47. Qxf7+ Kh6 48. Qf8+ Kg5 49. Qd8+ Kf4 50. Qf6# 1-0

[Event "Late-Titled-Tuesday-Blitz-June-18-2024"]
[Site "Chess.com"]
[Date "2024.06.18"]
[Round "7"]
[White "KarlEmilElmer"]
[Black "Individoom"]
[Result "0-1"]
[WhiteElo "2296"]
[BlackElo "2788"]
[TimeControl "180+1"]
[EndTime "15:18:52 PDT"]
[Termination "Individoom won on time"]

1. d4 Nf6 2. c4 c5 3. d5 b5 4. cxb5 a6 5. bxa6 g6 6. Nc3 Bg7 7. Nf3 O-O 8. g3 d6 9. Bg2 Bxa6 10. O-O Nbd7 11. Rb1 Qa5 12. Bd2 Rfb8 13. Re1 Qb6 14. h3 Bb7 15. Nh4 Ne5 16. b3 Qa6 17. f4 Ned7 18.
e4 Nh5 19. Kh2 Qa5 20. Qc1 Ba6 21. Nf3 Bd3 22. Rb2 Qc7 23. g4 Nhf6 24. e5 dxe5 25.
fxe5 Ne8 26. Bf4 e6 27. Rd2 c4 28. bxc4 Bxc4 29. Ne4 Bxd5 30. Qxc7 Nxc7 31. Nc3 Ra3 32.
Nxd5 Nxd5 33. Bg3 Rba8 34. Ree2 N7b6 35. Nd4 Nc4 36. Rc2 Nce3 37. Rb2 Nxg2 38. Rxg2 Ne3 39. Rge2 Nd5 0-1

[Event "Late-Titled-Tuesday-Blitz-June-18-2024"]
[Site "Chess.com"]
[Date "2024.06.18"]
[Round "7"]
[White "Andrey-Ivanov2011"]
[Black "nitpicker"]
[Result "0-1"]
[WhiteElo "2131"]
[BlackElo "2344"]
[TimeControl "180+1"]
[EndTime "15:18:52 PDT"]
[Termination "nitpicker won by resignation"]

1. e4 c5 2. Nf3 Nc6 3. d4 cxd4 4.
Nxd4 Nf6 5. Nc3 d6 6. Be3 e6 7. f3 h5 8. Qd2 a6 9. O-O-O Be7 10.
h4 Qc7 11. Be2 Ne5 12. Rdg1 b5 13. g4 hxg4 14. fxg4 b4 15. Na4 Nxe4 16. Qxb4 Rb8 17. Qe1 Bd7 18. Nc3 Nxc3 19. Qxc3 Qxc3 20. bxc3 Rxh4 21.
Rxh4 Bxh4 22. Bxa6 Ra8 23. Nb5 Ke7 24. Nc7 Rh8 25.
Be2 g5 26. Kd2 Rc8 27. Na6 Nc4+ 28. Bxc4 Rxc4 29. Nb4 e5 30. Nd5+ Kf8 31. Nf6 Be6 32. Nh7+ Kg7 33. Nxg5 Bxg5 34. Bxg5 Rxg4 35. Rxg4 Bxg4 36.
a4 Bd7 37. a5 Bb5 38. Ke3 f5 39. Be7 d5 40. Bd6 Kf6 41. Bc7 f4+ 42. Kf3 Kf5 43. Bb8 e4+ 44. Kf2 Kg4 45. Be5 e3+ 46. Ke1 f3 47. c4 Bxc4 48. Bg3 Kxg3 49. c3 f2+ 0-1

[Event "Late-Titled-Tuesday-Blitz-June-18-2024"]
[Site "Chess.com"]
[Date "2024.06.18"]
[Round "7"]
[White "Navyblue1"]
[Black "Smiechu"]
[Result "0-1"]
[WhiteElo "2170"]
[BlackElo "2323"]
[TimeControl "180+1"]
[EndTime "15:18:54 PDT"]
[Termination "Smiechu won by checkmate"]

1. d4 Nf6 2. c4 c5 3. d5 e6 4. Nc3 exd5 5. cxd5 d6 6. e4 g6 7. f4 Bg7 8. Bb5+ Nfd7 9. a4 O-O 10.
Nf3 a6 11. Bd3 Re8 12. O-O Nf6 13. h3 Nbd7 14. Be3 c4 15. Bc2 Rb8 16. Nd4 Nc5 17.
Qf3 Qe7 18. Qe2 Ncxe4 19. Nxe4 Nxe4 20. Qxc4 b5 21. axb5 axb5 22. Qb4 Bxh3 23. gxh3 Qh4 24. Rf3 Rbc8 25. Bxe4 Rxe4 26. Bf2 Qh5 27. Qxd6 Rxd4 28. Bxd4 Bxd4+ 29. Kg2 Rc2+ 30. Kg3 Kg7 31. Qd8 Bf6 32. Qxf6+ Kxf6 33. Ra6+ Kg7 34. d6 Rd2 35. Re3 g5 36. f5 Qh4+ 37. Kf3 Qf4# 0-1

[Event "Late-Titled-Tuesday-Blitz-June-18-2024"]
[Site "Chess.com"]
[Date "2024.06.18"]
[Round "7"]
[White "stollenmonster"]
[Black "Jarming"]
[Result "1-0"]
[WhiteElo "2898"]
[BlackElo "2653"]
[TimeControl "180+1"]
[EndTime "15:18:56 PDT"]
[Termination "stollenmonster won by checkmate"]

1. e4 c5 2. Nf3 d6 3. d4 cxd4 4.
Nxd4 Nf6 5. Nc3 g6 6. g3 Bg7 7. Bg2 O-O 8. h3 Nc6 9. Nde2 Rb8 10. a4 a6 11. O-O b5 12. axb5 axb5 13. Nd5 b4 14. Be3 Nd7 15. Ra2 Nc5 16. b3 Bd7 17.
Qd2 Qc8 18. Kh2 Rd8 19. Bg5 f6 20. Bh6 e6 21. Bxg7 Kxg7 22. Ndf4 Qc7 23. Rd1 Bc8 24. Nd3 Nxd3 25. cxd3 Qb6 26. d4 Na5 27. Qe3 Bb7 28. Nf4 Re8 29. Rc1 Rbc8 30. Rxc8 Bxc8 31. Qd3 Ba6 32.
Qc2 Kf7 33. d5 e5 34. Ne6 Re7 35. h4 Nb7 36. Qd2 Nc5 37. Qh6 Nxe6 38. dxe6+ Kxe6 39. Bh3+ f5 40. exf5+ Kd5 41. Bg2+ e4 42. f6 Rf7 43.
Qg5+ Ke6 44. Bh3# 1-0

[Event "Late-Titled-Tuesday-Blitz-June-18-2024"]
[Site "Chess.com"]
[Date "2024.06.18"]
[Round "7"]
[White "KamilaHryshchenko"]
[Black "Kavyev_Ruslan"]
[Result "0-1"]
[WhiteElo "2125"]
[BlackElo "2387"]
[TimeControl "180+1"]
[EndTime "15:18:59 PDT"]
[Termination "Kavyev_Ruslan won by resignation"]

1. e4 c6 2. d4 d5 3. e5 Bf5 4.
Nf3 e6 5. Be3 Nd7 6. Nbd2 h5 7.
Be2 Be7 8. O-O Nh6 9. h3 Bg6 10. c4 Nf5 11. c5 Nxe3 12. fxe3 Bg5 13. Qb3 b6 14. cxb6 axb6 15. Rac1 c5 16. a3 O-O 17. Kh2 c4 18. Qc3 b5 19. Nxg5 Qxg5 20. Rf4 f6 21.
exf6 Rxf6 22. Rcf1 Raf8 23. g3 Rxf4 24. gxf4 Qe7 25.
Rg1 Kh7 26. Rg5 Nf6 27. Bf3 h4 28. Rg1 Nh5 29. Bxh5 Bxh5 30. Qc2+ g6 31. Qc1 b4 32. axb4 Qxb4 33. Qc3 Rb8 34. Rb1 Be2 35. Kg2 Bd3 36.
Qxb4 Rxb4 37. Ra1 Rxb2 38. Rd1 c3 0-1

[Event "Late-Titled-Tuesday-Blitz-June-18-2024"]
[Site "Chess.com"]
[Date "2024.06.18"]
[Round "7"]
[White "NigelDwarf"]
[Black "xasid81"]
[Result "0-1"]
[WhiteElo "2435"]
[BlackElo "2574"]
[TimeControl "180+1"]
[EndTime "15:19:00 PDT"]
[Termination "xasid81 won on time"]

1. e4 e6 2. d3 a6 3. g3 g6 4.
h4 h5 5. Bg2 Bg7 6. d4 Ne7 7.
Bg5 b6 8. e5 Ra7 9. Nc3 Bb7 10.
Bxb7 Rxb7 11. Ne4 d5 12. Nf6+ Kf8 13. g4 hxg4 14. Qxg4 Nd7 15. Nxd7+ Qxd7 16. h5 Nf5 17. O-O-O c5 18. Ne2 gxh5 19. Rxh5 Rxh5 20. Qxh5 Qa4 21.
Kb1 cxd4 22. Rg1 Rc7 23. Bf6 Qxc2+ 24. Ka1 d3 25. Bxg7+ Ke8 26. Bf6 dxe2 27. Rg8+ Kd7 28. Qxf7+ Kc6 29. Qxe6+ Kb5 30. Qe8+ Qc6 31. a4+ Kxa4 32.
Qf8 e1=Q+ 0-1

[Event "Late-Titled-Tuesday-Blitz-June-18-2024"]
[Site "Chess.com"]
[Date "2024.06.18"]
[Round "7"]
[White "olakenn"]
[Black "AlejandroArias"]
[Result "0-1"]
[WhiteElo "1874"]
[BlackElo "2375"]
[TimeControl "180+1"]
[EndTime "15:19:00 PDT"]
[Termination "AlejandroArias won by resignation"]

1. e4 c5 2. Nc3 Nc6 3. g3 g6 4. Bg2 Bg7 5. d3 e6 6. Be3 Nd4 7. Qd2 d6 8. Nge2 Rb8 9. Nd1 b5 10. c3 Nxe2 11. Qxe2 b4 12. c4 Ne7 13. Qd2 Nc6 14. Bh6 O-O 15. h4 f6 16. Bxg7 Kxg7 17. h5 g5 18. f4 h6 19. e5 Nd4 20. exf6+ Qxf6 21. O-O Bd7 22. Ne3 gxf4 23. Rxf4 Qe5 24.
Rg4+ Kh8 25. Rg6 Qxh5 26. Be4 Nf3+ 27. Bxf3 Rxf3 28. Rg4 Rxe3 29. Qxe3 Qxg4 30. Qxh6+ Kg8 31. Kg2 Bc6+ 32. Kh2 Rf8 0-1